 Dungeon Crawl Stone Soup version 0.32-a0-953-g508020473e (webtiles) character file.

Game seed: 4807120852912032193

382 HilariousDeathArtist the Shooter (level 6, 0/49 HPs)
             Began as a Coglin Cinder Acolyte on Apr 16, 2024.
             Was a High Priest of Ignis.
             Slain by an ice beast (1 damage)
             ... on level 4 of the Dungeon.
             The game lasted 00:04:23 (3676 turns).

HilariousDeathArtist the Shooter (CoCA)             Turns: 3676, Time: 00:04:24

Health: 0/49       AC:  3    Str: 16 (18) XL:     6   Next: 76%
Magic:  7/7        EV: 10    Int: 17 (20) God:    Ignis [*****.]
Gold:   237        SH:  0    Dex:  9 (11) Spells: 7/7 levels left

rFire   + . .        a - +11 arbalest "Oluggyf" {flame, Str+4 Int+2}
rCold   . . .        (shield currently unavailable)
rNeg    + . .        t - +0 robe of the Ornamental God {rN+ Int+2 Dex+2}
rPois   .            (no helmet)
rElec   .            (no cloak)
rCorr   .            x - +0 pair of gloves
SInv    .            (no boots)
Will    .....        (amulet unavailable)
Stlth   +            (ring unavailable)
HPRegen 0.28/turn    (ring unavailable)
MPRegen 0.10/turn    (no gizmo)

%: no passive effects
@: revving
A: off-hand wielding, slow wielding, warmup strikes, no jewellery
a: Invent Gizmo, Renounce Religion, Fiery Armour, Foxfire Swarm, Rising Flame


You were on level 4 of the Dungeon.
You worshipped Ignis.
Ignis was extremely pleased with you.
You visited 1 branch of the dungeon, and saw 5 of its levels.

You collected 276 gold pieces.
You spent 39 gold pieces at shops.

Inventory:

Hand Weapons
 a - the +11 arbalest "Oluggyf" (weapon) {flame, Str+4 Int+2}
   (You found it on level 2 of the Dungeon)

   Str+4:     It affects your strength (+4).
   Int+2:     It affects your intelligence (+2).
 c - a +0 dagger {Amyrtaeus}
 j - a +1 dagger of flaming {Quintus}
   (You took it off a goblin on level 1 of the Dungeon)
 p - a -1 mace of flaming {Xiloxoch}
Missiles
 e - 5 boomerangs
 s - 44 stones
 v - 5 poisoned darts
Armour
 b - a +0 robe
 g - a +0 ring mail
   (You found it on level 1 of the Dungeon)
 l - a +1 plate armour of cold resistance
   (You found it on level 1 of the Dungeon)
 t - the +0 robe of the Ornamental God (worn) {rN+ Int+2 Dex+2}
   (You found it on level 3 of the Dungeon)

   Int+2:     It affects your intelligence (+2).
   Dex+2:     It affects your dexterity (+2).
   rN+:       It protects you from negative energy.
 x - a +0 pair of gloves (worn)
   (You found it on level 5 of the Dungeon)
Scrolls
 i - 2 scrolls of teleportation {unknown}
 k - 6 scrolls of vulnerability {unknown}
 m - 6 scrolls of identify {unknown}
 o - 3 scrolls of fear {unknown}
Potions
 d - a potion of attraction {unknown}
 f - a potion of brilliance {unknown}
 h - 2 potions of invisibility {unknown}
 n - a potion of heal wounds {unknown}
 q - a potion of resistance {unknown}
 r - 2 potions of degeneration {!q}
 u - a potion of ambrosia {unknown}
 w - a potion of lignification {unknown}
 J - a potion of curing {@q1}


   Skills:
 - Level 4.6 Fighting
 - Level 2.6 Maces & Flails
 + Level 5.0 Ranged Weapons
 - Level 1.0 Spellcasting
 - Level 2.6 Fire Magic


You had 7 spell levels left.
You didn't know any spells.
Your spell library contained the following spells:

 Spells                   Type           Power      Damage    Failure   Level
 Scorch                   Fire           18%        2d5       11%         2
 Cigotuvi's Dreadful Rot  Necr/Alch/Air  0%         N/A       32%         2
 Ensorcelled Hibernation  Hex/Ice        0%         N/A       32%         2
 Passwall                 Erth           0%         N/A       54%         3
 Swiftness                Air            0%         N/A       54%         3
 Tukima's Dance           Hex            0%         N/A       54%         3
 Dimensional Bullseye     Hex/Tloc       0%         N/A       91%         4
 Dispel Undead            Necr           0%         3d6       91%         4
 Iskenderun's Mystic Bla Conj/Tloc 0%             2d3        (+2d1     91%         4
 Martyr's Knell           Necr/Summ      0%         N/A       91%         4


Dungeon Overview and Level Annotations

Branches:
Dungeon (5/15)
 Temple: D:4-7

Altars:
Gozag
Ru
Trog
Wu Jian
Xom
The Shining One

Shops:
D:1 ![[!(


Innate Abilities, Weirdness & Mutations

You can wield a second weapon in your off-hand.
It takes a long time for you to wield or remove held weapons.
Your first few attacks do less damage.
You cannot equip rings or amulets.


Message History

You shoot a bolt. The bolt closely misses the adder.
The jelly quivers.
The bolt hits the jelly.
The bolt burns the jelly.
You shoot a bolt. The bolt hits the adder!
The bolt burns the adder.
You kill the adder!
You shoot a bolt. The bolt hits the jelly!
The bolt burns the jelly.
You kill the jelly!
No target in view!
No target in view!
No target in view!
No target in view!
No target in view!
Found a shimmering altar of Xom.
r - 3 fuming puce potions (gained 1)
There is an open door here.
There is a stone staircase leading down here.
Found a stone staircase leading down.
No target in view!
There is a stone staircase leading down here.
x - a +0 pair of gloves Done exploring.
No target in view!
Done exploring.
Done exploring.
You start putting on your armour.
You continue putting on your +0 pair of gloves. x4
You finish putting on your +0 pair of gloves.
Done exploring.
Done exploring.
There is a stone staircase leading up here.
You climb upwards.
There is a stone staircase leading down here.
There is a stone staircase leading down here.
You climb downwards.
The scorpion stings you.
You are poisoned.
The scorpion poisons you!
Found an escape hatch in the floor.
There is a stone staircase leading up here.
You take 1 damage, and have 48/49 hp.
Unknown command.
You feel sick. The scorpion stings you. The ice beast hits you.
The ice beast freezes you!
You climb upwards.
You feel very sick.
There is a stone staircase leading down here.
You take 16 damage, and have 32/49 hp.
MASSIVE DAMAGE!!
Unknown command.
You feel sick. The scorpion closely misses you.
You take 1 damage, and have 31/49 hp.
You feel sick. The scorpion attacks as it pursues you!
The scorpion closely misses you.
You take 1 damage, and have 30/49 hp.
You shoot a bolt. The bolt barely misses the scorpion.
The bolt barely misses the ice beast.
You feel sick. The scorpion closely misses you. The scorpion stings you.
You take 6 damage, and have 24/49 hp.
You are too injured to fight recklessly!
You are too injured to fight recklessly!
You are too injured to fight recklessly!
You are too injured to fight recklessly!
You are too injured to fight recklessly!
Unknown command.
You shoot a bolt. The bolt hits the scorpion.
The bolt burns the scorpion.
You feel sick.
You are no longer poisoned.
The scorpion stings you!
The scorpion stings you but does no damage.
You take 8 damage, and have 16/49 hp.
You shoot a bolt. The bolt hits the scorpion.
The bolt burns the scorpion.
The scorpion stings you.
* * * LOW HITPOINT WARNING * * *
The scorpion closely misses you. The scorpion barely misses you.
You take 4 damage, and have 12/49 hp.
You shoot a bolt. The bolt hits the scorpion.
The bolt burns the scorpion.
You kill the scorpion!
The ice beast misses you.
Your Ranged Weapons skill increases to level 5!
Unknown command.
You feel better. The ice beast hits you. The ice beast freezes you!
* * * LOW HITPOINT WARNING * * *
You take 2 damage, and have 10/49 hp.
You feel better. The ice beast hits you.
* * * LOW HITPOINT WARNING * * *
The ice beast freezes you!
* * * LOW HITPOINT WARNING * * *
You take 6 damage, and have 4/49 hp.
You feel better. The ice beast hits you.
* * * LOW HITPOINT WARNING * * *
The ice beast freezes you.
* * * LOW HITPOINT WARNING * * *
You take 3 damage, and have 1/49 hp.
It was a potion of degeneration.
There was something very wrong with that liquid.
You feel weakened.
You feel dopey.
You feel clumsy. The ice beast hits you.
You die...
Ignis goes out, and joins you in death.

### ..# #.#########
##### ..........#
##...##
#.#######.#######.....#
...)..........>Y@.....#
##############.##.....#
###.......# #.###...##
....#####.# #.# ##.##
##### #.# #.# #.#
#########.# #.# #.#
..........# #.# #.#
########### #.# #.# #.#
#.#


You could see an ice beast.

Vanquished Creatures
  A scorpion (D:4)
  2 bombardier beetles (D:4)
  A hound (D:4)
  A jelly (D:5)
  2 iguanas
  4 adders
  2 ribbon worms
  10 dart slugs
  An orc (D:5)
  3 endoplasms (D:3)
  2 giant cockroaches (D:1)
  9 hobgoblins
  6 jackals (D:3)
  4 kobolds
  6 quokkas
  8 ball pythons
  5 bats
  5 frilled lizards
  8 goblins
  7 rats
87 creatures vanquished.

Notes
Turn   | Place    | Note
-------+----------+-------------------------------------------
     0 | D:1      | HilariousDeathArtist the Coglin Cinder Acolyte began the
                  | quest for the Orb.
     0 | D:1      | Reached XP level 1. HP: 18/18 MP: 2/2
     1 | D:1      | Found Noroddo's Antique Weapon Shop.
    97 | D:1      | Reached XP level 2. HP: 15/24 MP: 3/3
   148 | D:1      | Found Zeka's Antique Armour Boutique.
   213 | D:1      | Found Uxaumar's Distillery.
   465 | D:1      | Reached skill level 4 in Fighting
   532 | D:1      | Found Komiytea's Antique Armour Shoppe.
   536 | D:1      | Reached XP level 3. HP: 30/30 MP: 4/4
   704 | D:1      | Found Kaykkix's Distillery.
   729 | D:1      | Bought a potion of curing for 39 gold pieces
  1111 | D:2      | Identified the +11 arbalest "Oluggyf" {flame, Str+4 Int+2}
  1472 | D:2      | Found a shimmering altar of Xom.
  1713 | D:3      | Reached XP level 4. HP: 37/38 MP: 5/5
  1716 | D:3      | Reached skill level 1 in Ranged Weapons
  1859 | D:3      | Found an ornate altar of the Wu Jian Council.
  1962 | D:3      | Reached skill level 2 in Ranged Weapons
  1971 | D:3      | Reached XP level 5. HP: 43/43 MP: 6/6
  1996 | D:3      | Found a faded altar of an unknown god.
  2107 | D:3      | Found a bloodstained altar of Trog.
  2252 | D:3      | Identified the +0 robe of the Ornamental God {rN+ Int+2
                  | Dex+2}
  2459 | D:3      | Found an opulent altar of Gozag.
  2874 | D:4      | Reached skill level 3 in Ranged Weapons
  3089 | D:4      | Reached skill level 4 in Ranged Weapons
  3089 | D:4      | Reached XP level 6. HP: 48/49 MP: 7/7
  3374 | D:5      | Entered Level 5 of the Dungeon
  3378 | D:5      | Found a glowing golden altar of the Shining One.
  3457 | D:5      | Found a sacrificial altar of Ru.
  3485 | D:5      | Found a shimmering altar of Xom.
  3664 | D:5      | Noticed an ice beast
  3671 | D:4      | HP: 12/49 [scorpion (5)]
  3673 | D:4      | Reached skill level 5 in Ranged Weapons
  3674 | D:4      | HP: 4/49 [ice beast (10)]
  3675 | D:4      | HP: 1/49 [ice beast (5)]
  3676 | D:4      | Slain by an ice beast

Illustrated notes

Levels and vault maps discovered:
D:1:      dpeg_arrival_ratfight, layout_loops_ring, serial_shops,
          nicolae_diamond_shop, shop, shop, nicolae_shop_tiny_waterfront, shop
D:2:      layout_basic, basic_altar
D:3:      kennysheep_slugbush, layout_basic, bloody_trog,
          nicolae_gozag_cash_rules_everything_around_me,
          nzn_wu_jian_council_hall, serial_co_window_serial, co_window_paths_a,
          co_window_cross_1, co_window_paths_a, co_window_paths_b,
          co_window_of_opportunity_a, co_window_corner_a, co_window_paths_c,
          co_window_cross_3, co_window_broadway_c, glass_columns_a,
          glass_columns_a, glass_columns_a,
          shapermc_ecumenical_altar_mp_urbaneastern
D:4:      layout_loops_ring, kennysheep_boxes
D:5:      layout_basic, general_overflow_altar, mainiacjoe_overflow_two_lobes,
          minmay_circle_x

Skill      XL: |  1  2  3  4  5  6 |
---------------+-------------------+-----
Fighting       | 4 |  4.6
Ranged Weapons | 2 4 5 |  5.0
Maces & Flails | |  2.6
Spellcasting   | |  1.0
Fire Magic     | |  2.6

Action                     |  1- 3 |  4- 6 || total
---------------------------+-------+-------++-------
  Melee: Mace              |    73 |       ||    73
         Dagger            |    63 |       ||    63
   Fire: Arbalest          |    14 |    79 ||    93
  Throw: Stone             |     9 |       ||     9
    Use: Potion            |       |     4 ||     4
 Armour: Robe              |    16 |    15 ||    31
         Ring mail         |    28 |    15 ||    43
         Plate armour      |    26 |       ||    26
  Dodge: Dodged            |    30 |    25 ||    55

Table legend: (Time is in decaauts)
 A = Elapsed time spent in this place.
 B = Non-inter-level travel time spent in this place.
 C = Inter-level travel time spent in this place.
 D = Time resting spent in this place.
 E = Time spent auto-exploring this place.
 F = Levels seen in this place.
 G = Mean time per level.
                   A        B        C        D        E       F      G
               +--------+--------+--------+--------+--------+-----+--------+
         Total |   3768 |   3550 |    218 |      0 |   3009 |   5 |  753.6 |
       Dungeon |   3768 |   3550 |    218 |      0 |   3009 |   5 |  753.6 |
               +--------+--------+--------+--------+--------+-----+--------+

Top non-repeatable levels by time:
     D:3: 956 daAuts
     D:1: 932 daAuts
     D:4: 839 daAuts
     D:2: 803 daAuts
     D:5: 236 daAuts

Levels and vault maps discovered:
D:1:      dpeg_arrival_ratfight, layout_loops_ring, serial_shops,
          nicolae_diamond_shop, shop, shop, nicolae_shop_tiny_waterfront, shop
D:2:      layout_basic, basic_altar
D:3:      kennysheep_slugbush, layout_basic, bloody_trog,
          nicolae_gozag_cash_rules_everything_around_me,
          nzn_wu_jian_council_hall, serial_co_window_serial, co_window_paths_a,
          co_window_cross_1, co_window_paths_a, co_window_paths_b,
          co_window_of_opportunity_a, co_window_corner_a, co_window_paths_c,
          co_window_cross_3, co_window_broadway_c, glass_columns_a,
          glass_columns_a, glass_columns_a,
          shapermc_ecumenical_altar_mp_urbaneastern
D:4:      layout_loops_ring, kennysheep_boxes
D:5:      layout_basic, general_overflow_altar, mainiacjoe_overflow_two_lobes,
          minmay_circle_x

Table legend: (Time is in decaauts)
 A = Elapsed time spent in this place.
 B = Non-inter-level travel time spent in this place.
 C = Inter-level travel time spent in this place.
 D = Time resting spent in this place.
 E = Time spent auto-exploring this place.
 F = Levels seen in this place.
 G = Mean time per level.
                   A        B        C        D        E       F      G
               +--------+--------+--------+--------+--------+-----+--------+
         Total |   3768 |   3550 |    218 |      0 |   3009 |   5 |  753.6 |
       Dungeon |   3768 |   3550 |    218 |      0 |   3009 |   5 |  753.6 |
               +--------+--------+--------+--------+--------+-----+--------+

Top non-repeatable levels by time:
     D:3: 956 daAuts
     D:1: 932 daAuts
     D:4: 839 daAuts
     D:2: 803 daAuts
     D:5: 236 daAuts

Table legend:
 A = Kills in this place as a percentage of kills in the entire game.
 B = Kills by you in this place as a percentage of kills by you in the entire game.
 C = Kills by friends in this place as a percentage of kills by friends in the entire game.
 D = Other kills in this place as a percentage of other kills in the entire game.
 E = Experience gained in this place as a percentage of experience gained in the entire game.
 F = Experience gained in this place divided by the number of levels of this place that you have seen.
                   A       B       C       D       E      F
               +-------+-------+-------+-------+-------+----------------------
         Total | 100.0 | 100.0 |   N/A |   N/A | 100.0 | 109.2
       Dungeon | 100.0 | 100.0 |   N/A |   N/A | 100.0 | 109.2
               +-------+-------+-------+-------+-------+----------------------
